 Dungeon Crawl Stone Soup version 0.28.0-53-g5a82cb258f (webtiles) character file.

Game seed: 7734896865560174593

4 purpskrrrp the Covered (level 1, -2/18 HPs)
             Began as a Hill Orc Wanderer on June 23, 2022.
             Engulfed by a cloud of flame (13 damage)
             ... on level 1 of the Dungeon.
             The game lasted 00:01:38 (203 turns).

purpskrrrp the Covered (Hill Orc Wanderer)           Turns: 203, Time: 00:01:39

Health: -2/18      AC:  8    Str: 16    XL:     1   Next: 60%
Magic:  2/2        EV:  9    Int: 11    God:
Gold:   0          SH:  0    Dex:  9    Spells: 1/2 levels left

rFire   . . .      SeeInvis .   a - +0 club
rCold   . . .      Faith    .   (no shield)
rNeg    . . .      Spirit   .   c - +2 scale mail
rPois   .          Reflect  .   (no helmet)
rElec   .          Harm     .   (no cloak)
rCorr   .          Rampage  .   (no gloves)
Will    .....                   (no boots)
Stlth   ..........              (no amulet)
HPRegen 0.06/turn               (no ring)
MPRegen 0.08/turn               (no ring)

@: no status effects
A: no striking features
a: no special abilities


You were on level 1 of the Dungeon.
You visited 1 branch of the dungeon, and saw 1 of its levels.

Inventory:

Hand Weapons
 a - a +0 club (weapon)
Armour
 c - a +2 scale mail (worn)
Potions
 b - a potion of curing
 d - 2 potions of mutation {unknown}


   Skills:
 + Level 2.6 Fighting
 + Level 3.4 Armour
 + Level 1.0 Stealth
 + Level 1.0 Spellcasting
 + Level 1.6 Air Magic
 + Level 1.0 Evocations


You had one spell level left.
You knew the following spells:

 Your Spells              Type           Power      Damage    Failure   Level
a - Shock                 Conj/Air       8%         1d3       63%         1

Your spell library contained the following spells:

 Spells                   Type           Power      Damage    Failure   Level
 Mephitic Cloud           Conj/Pois/Air  1%         N/A       95%         3


Dungeon Overview and Level Annotations

Branches:
Dungeon (1/15)

Altars:

Shops:
D:1 *


Message History

The ball python closely misses you.
You hit the ball python.
The ball python is severely wounded.
The ball python closely misses you. x2
You closely miss the ball python.
The ball python is severely wounded.
The ball python bites you. The ball python grabs you.
The ball python constricts you. The ball python closely misses you.
The ball python constricts you.
You barely miss the ball python.
The ball python is severely wounded.
The ball python bites you but does no damage.
The ball python constricts you.
You barely miss the ball python.
The ball python is severely wounded.
The ball python bites you but does no damage.
The ball python constricts you.
The ball python bites you but does no damage.
The ball python constricts you.
You barely miss the ball python. You punch the ball python.
You kill the ball python!
You see here a ball python corpse.
Your magical contamination has completely faded away.
HP restored.
A giant cockroach comes into view.
Found 2 boomerangs and a scroll labelled OCHIYT NEPOD.
A giant cockroach is nearby!
Found a scroll labelled UCOSOY EBRAZ.
The giant cockroach is engulfed in blazing flames.
The giant cockroach dies!
Really walk into a travel-excluded area?
Okay, then.
You see here a ball python corpse.
Really walk into a travel-excluded area? [Y]es or [N]o only, please.
Really walk into a travel-excluded area?
You are engulfed in blazing flames.
You are engulfed in blazing flames.
Ouch! That really hurt!
You die...

§ #§§.# #####...######
.§§§..?..§§☼.##
☼..?.(.§○°..#
.......°○..#
#...#####.# #§○§# #.#
##### #§☼@# #.# #.....
#☼§☼# #.#
#.....#####...# #.#
#............######.#
##........#.†........#
................######
......[......#..#
...........##...#
..........#.#...#


There were no monsters in sight!

Vanquished Creatures
  A giant cockroach (D:1)
  A kobold (D:1)
  A ball python (D:1)
  A frilled lizard (D:1)
4 creatures vanquished.

Vanquished Creatures (others)
  A giant cockroach (D:1)
1 creature vanquished.

Grand Total: 5 creatures vanquished

Notes
Turn   | Place    | Note
-------+----------+-------------------------------------------
     0 | D:1      | purpskrrrp the Hill Orc Wanderer began the quest for the
                  | Orb.
     0 | D:1      | purpskrrrp set off with the following items: a +0 club, a
                  | potion of curing, a +2 scale mail; and the following spell
                  | memorised: Shock; and the following spells available to
                  | memorise: Mephitic Cloud
     0 | D:1      | Reached XP level 1. HP: 18/18 MP: 2/2
    24 | D:1      | Found Zuduqat's General Store.
   203 | D:1      | Engulfed by a cloud of flame

Illustrated notes

Levels and vault maps discovered:
D:1:      saegor_arrival_simple_b, layout_basic, serial_shops,
          nicolae_shop_statue_plus, chequers_ecumenical_altar_simple_redux,
          chequers_big_river, minmay_misc_feat_secret_circle,
          lemuel_flame_loot_1

Action                   || total
-------------------------++-------
Melee: Club              ||    15
       Punch             ||     1
Armor: Scale mail        ||     8
Dodge: Dodged            ||    12
